Selects Battlefield Espionage Battlegroup
Construct Light Support Kompanie
Selects 250/3 Funkpanzerwagen
le.IG 18 Mechanized Group
Construct Mechanized Kompanie
Selects Anti-Tank Incendiary Munitions
Construct Panzerarmee Kommand
Selects Sector Subterfuge Beacon
Pak 38 Anti-tank Gun Team
Selects Operation Skorpion